 Dungeon Crawl Stone Soup version 0.24.0-37-gcf1ca852f1 (webtiles) character file.

Game seed: 8536764606576380997, levelgen mode: deterministic

1621 Mrkan the Cudgeler (level 8, -2/52 HPs)
             Began as a Gargoyle Fighter on Dec 3, 2019.
             Was a Priest of Fedhas.
             Killed from afar by Dowan (6 damage)
             ... with a shard of ice
             ... on level 6 of the Dungeon.
             The game lasted 00:09:52 (5950 turns).

Mrkan the Cudgeler (Gargoyle Fighter)               Turns: 5950, Time: 00:09:52

Health: -2/52      AC: 17    Str: 22    XL:     8   Next: 96%
Magic:  8/8        EV:  6    Int:  9    God:    Fedhas [***...]
Gold:   372        SH: 10    Dex:  9    Spells: 7/7 levels left

rFire    . . .     SeeInvis .   a - +0 flail
rCold    . . .     Gourm    .   c - +0 shield
rNeg     + . .     Faith    .   i - +0 chain mail
rPois    ∞         Spirit   .   z - +2 hat
rElec    +         Reflect  .   (no cloak)
rCorr    .         Harm     .   (no gloves)
MR       .....                  (no boots)
Stlth    ..........             (no amulet)
HPRegen  0.17/turn              (no ring)
MPRegen  0.11/turn              (no ring)

@: no status effects
A: negative energy resistance 1, electricity resistance, unbreathing,
petrification resistance, rot immunity, AC +5
a: Wall of Briars, Grow Ballistomycete, Renounce Religion


You were on level 6 of the Dungeon.
You worshipped Fedhas.
Fedhas was most pleased with you.
You were hungry.

You visited 1 branch of the dungeon, and saw 6 of its levels.
You also visited: Sewer and Ossuary.

You collected 372 gold pieces.

Inventory:

Hand Weapons
 a - a +0 flail (weapon)
Missiles
 p - 2 curare-tipped darts (quivered)
Armour
 c - a +0 shield (worn)
 i - a +0 chain mail (worn)
 z - a +2 hat (worn)
 F - the cursed +1 chain mail of the Gastropod {rF+, unknown}
   (You found it on level 6 of the Dungeon)

   It protects you from fire.
   It has a curse placed upon it.
Jewellery
 e - an uncursed amulet of guardian spirit {unknown}
 k - an uncursed ring of flight {unknown}
 r - an uncursed ring of protection from magic {unknown}
 A - a +4 ring of protection {unknown}
Wands
 t - a wand of disintegration (28)
 D - a wand of paralysis (12)
 E - a wand of iceblast (9)
Scrolls
 b - 5 scrolls of teleportation {unknown}
 g - 8 scrolls of identify {unknown}
 h - 2 scrolls of fear {unknown}
 l - a scroll of fog {unknown}
 m - 3 scrolls of magic mapping {unknown}
 n - 2 scrolls of enchant weapon {unknown}
 u - a scroll of immolation {unknown}
 v - 2 scrolls of amnesia {unknown}
 w - 2 scrolls of enchant armour {unknown}
 x - 3 scrolls of remove curse {unknown}
 y - a scroll of blinking {unknown}
Potions
 d - 7 potions of might
 j - 2 potions of resistance {unknown}
 o - a potion of haste {unknown}
 q - 3 potions of degeneration {unknown}
 s - 2 potions of heal wounds {unknown}
 B - a potion of agility {unknown}
 C - 2 potions of curing {unknown}
Comestibles
 f - 9 rations


   Skills:
 + Level 6.3 Fighting
 * Level 7.2 Maces & Flails
 + Level 6.2 Armour
 + Level 6.3 Shields


You had 7 spell levels left.
You didn't know any spells.
Your spell library contained the following spells:

 Spells                   Type           Power        Failure   Level  Hunger
 Freeze                   Ice            #...         100%        1    ##.....
 Throw Frost              Conj/Ice       #.....       100%        2    ###....
 Ozocubu's Armour         Chrm/Ice       #.......     100%        3    ####...
 Summon Ice Beast         Ice/Summ       #.......     100%        4    #####..
 Throw Icicle             Conj/Ice       #.......     100%        4    #####..


Dungeon Overview and Level Annotations

Branches:
Dungeon (6/15)             Temple (0/1) D:4           Sewer (visited)
Ossuary (visited)

Altars:
Dithmenos
Fedhas
Hepliaklqana
Qazlal
Vehumet
Zin

Annotations:
D:6 Dowan


Innate Abilities, Weirdness & Mutations

You are resistant to torment.
Your stone body is resilient. (AC +5)
You are immune to poison.
You resist negative energy. (rN+)
You are resistant to electric shocks. (rElec)
You can survive without breathing.
You are immune to petrification.
You are immune to rotting.


Message History

Dowan is lightly wounded.
Dowan hits you but does no damage. You block Dowan's attack.
You sock Dowan!
Dowan is heavily wounded.
Dowan barely misses you. Dowan casts a spell at you. The stone arrow hits you!
* * * LOW HITPOINT WARNING * * *
You closely miss Dowan.
Dowan is heavily wounded.
You block Dowan's attack. x2
You hit Dowan.
Dowan is severely wounded.
Dowan casts a spell.
Dowan blinks!
Okay, then.
Dowan points at you and mumbles some strange words.
The shard of ice hits you.
You die...
Fedhas appreciates your contribution to the ecosystem.

## #..# ...
#######.##
#..###........#
###.#....####...#
.....###...##..#
##.e##.)##..#..#
#..#..#.##.#..#
#..#.##(.#.#..#
#@#.#..##.#...#
#)#.##.#..#...#
#≈#..##..##.###
#.##).)###.##
#..####....#
#.........##
#........##
#.######## #.#


You could see Dowan.

Vanquished Creatures
  Duvessa (D:6)
  An orc warrior (D:6)
  2 sky beasts
  An ogre (D:5)
  A bullfrog (Sewer)
  2 scorpions (D:5)
  A water moccasin skeleton (D:6)
  2 howler monkeys
  6 hounds
  A jelly (D:6)
  A bullfrog skeleton (D:5)
  2 orc wizards (D:4)
  An iguana (D:5)
  Jessica (D:3)
  2 centaur skeletons
  Terence (D:3)
  Natasha (twice) (D:3)
  4 worker ants
  A hound zombie (Ossuary)
  2 hound skeletons
  4 mummies (Ossuary)
  Robin (D:3)
  A gnoll (D:5)
  A river rat (D:5)
  7 adders
  A shadow imp (D:5)
  An adder zombie (Ossuary)
  2 dart slugs
  8 leopard geckos
  8 orcs
  8 ball pythons
  13 giant cockroaches
  9 goblins
  8 hobgoblins
  2 bats
  13 frilled lizards
  A giant cockroach zombie (D:5)
  A gnoll zombie (Ossuary)
  A goblin zombie (Ossuary)
  3 hobgoblin zombies (Ossuary)
  A jackal zombie (Ossuary)
  4 kobolds
  A kobold zombie (Ossuary)
  5 rats
  3 rat zombies (Ossuary)
142 creatures vanquished.

Vanquished Creatures (others)
  4 toadstools (D:1)
4 creatures vanquished.

Grand Total: 146 creatures vanquished

Notes
Turn   | Place    | Note
-------+----------+-------------------------------------------
     0 | D:1      | Mrkan the Gargoyle Fighter began the quest for the Orb.
     0 | D:1      | Reached XP level 1. HP: 14/14 MP: 1/1
   217 | D:1      | Reached XP level 2. HP: 19/19 MP: 2/2
   976 | D:2      | You fall into a shaft and drop 1 floor!
   976 | D:3      | Found a blossoming altar of Fedhas.
   987 | D:3      | Became a worshipper of Fedhas Madash
  1047 | D:2      | Reached XP level 3. HP: 16/23 MP: 3/3
  1210 | D:2      | Found a shadowy altar of Dithmenos.
  1854 | D:3      | Noticed Jessica
  1858 | D:3      | Killed Jessica
  1858 | D:3      | Reached skill level 3 in Maces & Flails
  1858 | D:3      | Reached XP level 4. HP: 29/29 MP: 4/4
  1962 | D:3      | Found a stormy altar of Qazlal.
  2007 | D:3      | Noticed Natasha
  2018 | D:3      | Killed Natasha
  2155 | D:3      | Found a radiant altar of Vehumet.
  2155 | D:3      | Noticed Robin
  2171 | D:3      | Killed Robin
  2171 | D:3      | Reached XP level 5. HP: 23/33 MP: 5/5
  2248 | D:3      | Reached * piety under Fedhas
  2426 | D:3      | Noticed Terence
  2438 | D:3      | Killed Terence
  2606 | D:3      | Found a faded altar of an unknown god.
  2659 | D:3      | Noticed Natasha
  2673 | D:3      | Killed Natasha
  2830 | D:4      | Found a glowing silver altar of Zin.
  2831 | D:4      | Noticed an angel
  3064 | D:4      | Reached skill level 4 in Maces & Flails
  3071 | D:4      | Found a staircase to the Ecumenical Temple.
  3240 | D:4      | Reached XP level 6. HP: 36/39 MP: 6/6
  3804 | D:5      | Entered Level 5 of the Dungeon
  3849 | D:5      | Noticed a sky beast
  3853 | D:5      | Reached XP level 7. HP: 40/44 MP: 7/7
  3865 | D:5      | Reached skill level 5 in Fighting
  3865 | D:5      | Reached skill level 5 in Maces & Flails
  3865 | D:5      | Reached skill level 5 in Shields
  3889 | D:5      | Reached skill level 5 in Armour
  3980 | D:5      | Reached ** piety under Fedhas
  4162 | D:5      | Found a glowing drain.
  4177 | Sewer    | Entered a sewer
  4594 | D:5      | Reached XP level 8. HP: 47/50 MP: 8/8
  4771 | D:5      | Reached skill level 6 in Maces & Flails
  4888 | D:5      | Reached *** piety under Fedhas
  5028 | D:6      | Found a sand-covered staircase.
  5044 | Ossuary  | Entered an ossuary
  5402 | D:6      | HP: 2/51 [worker ant (4)]
  5834 | D:6      | Found a hazy altar of Hepliaklqana.
  5856 | D:6      | Got a shimmering chain mail
  5876 | D:6      | Noticed Duvessa
  5906 | D:6      | Noticed Dowan
  5932 | D:6      | Killed Duvessa
  5932 | D:6      | Reached skill level 7 in Maces & Flails
  5950 | D:6      | Killed from afar by Dowan

Levels and vault maps discovered:
D:1:      ldierk_water_garden, layout_basic, minmay_tetromino_s2
D:2:      layout_basic, grunt_dithmenos_smoke_and_mirrors, first_ration
D:3:      layout_basic, vehumet_crystals, lemuel_crystal_altar,
          chequers_ecumenical_altar_island, grunt_qazlal_clouds, uniq_jessica,
          uniq_natasha, uniq_terence, uniq_robin
D:4:      layout_layer_cave, zin_angel, minmay_temple_entry_crystal_x
D:5:      minmay_skewed_foursquare, layout_loops_cross, portal_sewer_entry_e,
          minmay_circle_x
D:6:      kennysheep_orc_sif_temple, layout_rooms, kennysheep_mini_moat,
          basic_altar, enter_ossuary_1, minmay_alternating_orb, uniq_duvessa

Skill      XL: |  1  2  3  4  5  6  7  8 |
---------------+-------------------------+-----
Maces & Flails | 3 4 5 7 |  7.2
Shields        | 4 5 6 |  6.3
Fighting       | 4 5 6 |  6.3
Armour         | 4 5 6 |  6.2

Action                   |  1- 3 |  4- 6 |  7- 9 || total
-------------------------+-------+-------+-------++-------
Melee: Flail             |   116 |   199 |   410 ||   725
  Eat: Chunk             |     3 |     7 |     7 ||    17
Armor: Scale mail        |     4 |       |       ||     4
       Chain mail        |    69 |   134 |   295 ||   498
Dodge: Dodged            |    32 |    48 |   115 ||   195
Block: Shield            |    63 |   107 |   274 ||   444
